 Dungeon Crawl Stone Soup version 0.25-a0-306-g3faca94 (webtiles) character file.

Game seed: 16922567415231413203, levelgen mode: deterministic

562 Birdy the Fighter (level 7, -3/80 HPs)
             Began as an Ogre Fighter on Dec 21, 2019.
             Slain by an ogre
             ... wielding a +0 giant club
              (26 damage)
             ... on level 5 of the Dungeon.
             The game lasted 00:05:50 (3775 turns).

Birdy the Fighter (Ogre Fighter)                    Turns: 3775, Time: 00:05:51

Health: -3/80      AC:  3    Str: 26    XL:     7   Next: 32%
Magic:  0/7        EV: 14    Int: 11    God:
Gold:   267        SH: 10    Dex: 13    Spells: 6/6 levels left

rFire    . . .     SeeInvis .   a - +1 trident
rCold    . . .     Gourm    .   c - +0 shield
rNeg     . . .     Faith    .   b - +0 robe
rPois    .         Spirit   +   (helmet restricted)
rElec    .         Reflect  .   (no cloak)
rCorr    .         Harm     .   (gloves unavailable)
MR       .....                  (boots unavailable)
Stlth    ++........             p - amulet of guardian spirit
HPRegen  0.23/turn              (no ring)
MPRegen  0.10/turn              (no ring)

@: mighty, agile
A: large, unfitting armour, hooves 1, tough skin 1, sturdy frame 1
a: no special abilities


You were on level 5 of the Dungeon.
You were not hungry.

You visited 2 branches of the dungeon, and saw 6 of its levels.

You collected 267 gold pieces.

Inventory:

Hand Weapons
 a - a +1 trident (weapon)
Armour
 b - a +0 robe (worn)
 c - a +0 shield (worn)
Jewellery
 p - an amulet of guardian spirit (around neck)
Wands
 o - a wand of iceblast (9)
Scrolls
 e - a scroll of enchant armour
 h - 4 scrolls of remove curse
 j - 2 scrolls of teleportation
 m - 2 scrolls of magic mapping
 n - 2 scrolls of fog
Potions
 g - a potion of brilliance
 k - 3 potions of lignification
Comestibles
 f - 5 rations


   Skills:
 + Level 8.1 Fighting
 - Level 2.0 Polearms
 - Level 2.6 Dodging
 + Level 5.5 Shields


You had 6 spell levels left.
You didn't know any spells.
Your spell library contained the following spells:

 Spells                   Type           Power        Failure   Level  Hunger
 Sandblast                Erth           #.....       58%         1    ##.....
 Passwall                 Tmut/Erth      #.......     73%         2    ###....
 Stone Arrow              Conj/Erth      #.....       91%         3    ####...
 Petrify                  Tmut/Erth      #.......     100%        4    #####..
 Lee's Rapid Deconstruct  Erth           #.........   100%        5    ######.


Dungeon Overview and Level Annotations

Branches:
Dungeon (5/15)             Temple (1/1) D:4

Altars:
Ashenzari
Cheibriados
Dithmenos
Elyvilon
Fedhas
Gozag
Hepliaklqana
Kikubaaqudgha
Makhleb
Nemelex Xobeh
Okawaru
Qazlal
Ru
Trog
Uskayaw
Vehumet
Wu Jian
Xom
Yredelemnul
Zin


Innate Abilities, Weirdness & Mutations

You are too large for most types of armour.
You have tough skin. (AC +1)
You have large cloven feet.
Your movements are slightly less encumbered by armour. (ER -2)


Message History

* * * LOW HITPOINT WARNING * * *
The gnoll closely misses you. You block the gnoll's attack.
You feel agile all of a sudden.
You feel better. The gnoll barely misses you.
You feel very mighty all of a sudden. You block the gnoll's attack.
You puncture the gnoll!
You kill the gnoll!
The gnoll hits you.
* * * LOW HITPOINT WARNING * * *
You puncture the gnoll! Your kick misses the gnoll.
The gnoll is almost dead.
The gnoll closely misses you.
You closely miss the gnoll. You kick the gnoll.
You kill the gnoll!
You barely miss the ogre. You kick the ogre!
The ogre is moderately wounded.
The ogre hits you with a +0 giant club!!
You die...

########## #### #........
...# #......# ...#
#......# #..#
#......###### #### #..#
###......@Ogg.#### .....
#..##
##........####gZ..##..Z...
...<# #..#......#
####....# #...#
#.##......# ###Z.#
#)..###.######### #.#
#)).....# ## .....####
#...## ....#


You could see an ogre, 3 gnolls and an adder skeleton.

Vanquished Creatures
  Menkaure (D:5)
  A scorpion (D:5)
  A crimson imp (D:5)
  2 orc wizards (D:5)
  A gnoll shaman (D:5)
  An orc priest (D:5)
  4 worker ants
  Robin (D:2)
  2 gnolls (D:5)
  4 adders
  2 oozes (D:5)
  2 worms
  2 dart slugs
  A leopard gecko (D:4)
  7 orcs
  6 giant cockroaches
  14 goblins
  4 hobgoblins
  9 jackals
  6 kobolds
  A quokka (D:3)
  6 bats
  8 frilled lizards
  A quokka skeleton (D:5)
  8 rats
95 creatures vanquished.

Notes
Turn   | Place    | Note
-------+----------+-------------------------------------------
     0 | D:1      | Birdy the Ogre Fighter began the quest for the Orb.
     0 | D:1      | Reached XP level 1. HP: 24/24 MP: 1/1
     2 | D:1      | Noticed a felid
     2 | D:1      | Noticed a tengu
     4 | D:1      | Noticed a troll
     6 | D:1      | Noticed a vine stalker
     8 | D:1      | Noticed a merfolk
     8 | D:1      | Noticed a human
    10 | D:1      | Noticed an octopode
    10 | D:1      | Noticed a gargoyle
    12 | D:1      | Noticed a naga
    12 | D:1      | Noticed an elf
    14 | D:1      | Noticed a demigod
    16 | D:1      | Noticed a ghoul
    16 | D:1      | Noticed a demonspawn
    18 | D:1      | Noticed a vampire
    18 | D:1      | Noticed a draconian
    20 | D:1      | Noticed a dwarf
    20 | D:1      | Noticed a spriggan
    22 | D:1      | Noticed a formicid
    22 | D:1      | Noticed a minotaur
    24 | D:1      | Noticed a halfling
    24 | D:1      | Noticed an ogre
    26 | D:1      | Noticed a centaur
   185 | D:1      | Reached XP level 2. HP: 29/33 MP: 2/2
   862 | D:2      | Reached XP level 3. HP: 8/41 MP: 3/3
  1093 | D:2      | Reached skill level 5 in Fighting
  1100 | D:2      | Noticed Robin
  1119 | D:2      | Killed Robin
  1136 | D:2      | Reached XP level 4. HP: 25/50 MP: 4/4
  1736 | D:3      | Gained mutation: You have large cloven feet. [potion of
                  | mutation]
  1736 | D:3      | Gained mutation: Your movements are slightly less
                  | encumbered by armour. (ER -2) [potion of mutation]
  2304 | D:4      | Found a staircase to the Ecumenical Temple.
  2323 | Temple   | Entered the Ecumenical Temple
  2495 | D:4      | Reached XP level 5. HP: 52/59 MP: 5/5
  2631 | D:4      | Reached skill level 6 in Fighting
  2914 | D:5      | Entered Level 5 of the Dungeon
  2996 | D:5      | Reached XP level 6. HP: 67/68 MP: 4/6
  3048 | D:5      | Reached skill level 7 in Fighting
  3070 | D:5      | Reached skill level 5 in Shields
  3420 | D:5      | Noticed Menkaure
  3429 | D:5      | Killed Menkaure
  3429 | D:5      | Reached XP level 7. HP: 21/79 MP: 1/7
  3753 | D:5      | Reached skill level 8 in Fighting
  3775 | D:5      | Slain by an ogre

Levels and vault maps discovered:
D:1:      kb_arrival_jail, layout_loops_corners
D:2:      layout_rooms, minmay_crystal_room, dk_noncrumbling_3, uniq_robin
D:3:      layout_basic, st_stairs_2
D:4:      layout_cave_pools, minmay_temple_entry_statues_fountains, first_ration
D:5:      layout_rooms, nicolae_sextant, minmay_misc_feat_alley,
          minmay_misc_feat_nine_boxes, uniq_menkaure
Temple:   regret_index_temple_sigil_plot

Skill      XL: |  1  2  3  4  5  6  7 |
---------------+----------------------+-----
Shields        | 3 4 5 |  5.5
Fighting       | 5 6 7 8 |  8.1
Polearms       | |  2.0
Dodging        | |  2.6

Action                   |  1- 3 |  4- 6 |  7- 9 || total
-------------------------+-------+-------+-------++-------
Melee: Trident           |   105 |   166 |    24 ||   295
       Kick              |       |    20 |     7 ||    27
  Use: Potion            |     2 |    12 |     3 ||    17
       Scroll            |       |     7 |     1 ||     8
  Eat: Chunk             |       |     7 |       ||     7
       Ration            |       |       |     1 ||     1
Armor: Robe              |    25 |    24 |     3 ||    52
Dodge: Dodged            |    42 |    50 |    11 ||   103
Block: Shield            |    47 |    65 |    10 ||   122

Table legend:
 A = Non-vault XP
 B = Vault XP
 C = Vault XP percentage of total XP
 D = Non-vault monster count
 E = Vault monster count
 F = Vault count percentage of total count
                 A         B        C        D         E       F
            +---------+---------+-------+---------+---------+-------
      Total |     590 |     214 |  26.6 |      78 |      17 |  17.9
            +---------+---------+-------+---------+---------+-------
        D:1 |      27 |       0 |   0.0 |      17 |       0 |   0.0
        D:2 |      29 |      39 |  57.4 |       9 |      13 |  59.1
        D:3 |      41 |       6 |  12.8 |      22 |       3 |  12.0
        D:4 |      87 |       0 |   0.0 |      11 |       0 |   0.0
        D:5 |     406 |     169 |  29.4 |      19 |       1 |   5.0
            +---------+---------+-------+---------+---------+-------
